 Dungeon Crawl Stone Soup version 0.31-a0-819-gf6de2f5ab6 (webtiles) character file.

Game seed: 11769327005967709550

32 DApurpleWHUMPUS the Conjurer (level 3, -3/24 HPs)
             Began as a Human Conjurer on Sept 24, 2023.
             Slain by a sleepcap (6 damage)
             ... on level 3 of the Dungeon.
             The game lasted 00:02:51 (1437 turns).

DApurpleWHUMPUS the Conjurer (Human Conjurer)       Turns: 1437, Time: 00:02:52

Health: -3/24      AC:  3    Str:  7    XL:     3   Next: 45%
Magic:  6/7        EV: 12    Int: 20    God:
Gold:   55         SH:  0    Dex: 11    Spells: 7/8 levels left

rFire   . . .        f - +2 dagger (elec)
rCold   . . .        (no shield)
rNeg    . . .        a - +0 robe
rPois   .            (no helmet)
rElec   .            (no cloak)
rCorr   .            (no gloves)
SInv    .            s - +0 pair of boots
Will    .....        (no amulet)
Stlth   ++           (no ring)
HPRegen 0.24/turn    (no ring)
MPRegen 0.10/turn

%: no passive effects
@: no status effects
A: no striking features
a: no special abilities


You were on level 3 of the Dungeon.
You visited 1 branch of the dungeon, and saw 3 of its levels.

You collected 55 gold pieces.

Inventory:

Hand Weapons
 c - a +0 dagger
 f - a +2 dagger of electrocution (weapon)
Missiles
 d - 13 stones
 g - 2 boomerangs
 i - 4 poisoned darts
Armour
 a - a +0 robe (worn)
 s - a +0 pair of boots (worn)
Talismans
 j - a flux talisman
Scrolls
 h - a scroll of summoning {unknown}
 l - a scroll of amnesia {unknown}
 m - a scroll of fear {unknown}
 p - a scroll of enchant weapon {unknown}
 q - a scroll of vulnerability {unknown}
Potions
 b - a potion of magic
 e - 2 potions of lignification {unknown}
 k - a potion of mutation {unknown}
 n - a potion of brilliance {unknown}
 o - a potion of attraction {unknown}
 r - a potion of resistance {unknown}


   Skills:
 - Level 2.0 Dodging
 - Level 2.0 Stealth
 * Level 3.0 Spellcasting
 + Level 4.3 Conjurations


You had 7 spell levels left.
You knew the following spells:

 Your Spells              Type           Power      Damage    Failure   Level
a - Magic Dart            Conj           80%        1d7       2%          1

Your spell library contained the following spells:

 Spells                   Type           Power      Damage    Failure   Level
 Searing Ray              Conj           40%        2d5       3%          2
 Dazzling Flash           Conj/Hex       22%        N/A       17%         3
 Ensorcelled Hibernation  Hex/Ice        6%         N/A       22%         2
 Passwall                 Tmut/Erth      2%         N/A       22%         2
 Swiftness                Air            3%         N/A       38%         3
 Fulminant Prism          Conj/Hex       5%         3d7       50%         4
 Iskenderun's Mystic Bla  Conj/Tloc      11%        2d4       50%         4


Dungeon Overview and Level Annotations

Branches:
Dungeon (3/15)

Altars:
Hepliaklqana


Message History

You're already here!
There's something in the way.
What level of the Dungeon? (default 2, ? - help)
Things that are here:
a +0 club; a bat corpse
There is a stone staircase leading down here.
You climb downwards.
There is a stone staircase leading up here.
Found an escape hatch in the ceiling.
Found a quarterstaff.
A frilled lizard comes into view.
A frilled lizard is nearby!
A sleepcap comes into view.
The frilled lizard hisses angrily.
You hit the frilled lizard.
You kill the frilled lizard!
You see here a frilled lizard corpse.
Casting: Magic Dart (safe; 2% risk of failure)
Confirm with . or Enter, or press ? or * to list all spells.
Aiming: Magic Dart (safe; 2% risk of failure)
Press: ? - help, Shift-Dir - straight line, f - sleepcap
Aim: a sleepcap (100% to hit)
The magic dart hits the sleepcap.
The sleepcap is lightly damaged.
A hobgoblin comes into view.
The hobgoblin shouts!
The sleepcap barely misses you.
You hit the sleepcap.
The sleepcap is lightly damaged.
The sleepcap releases spores at you.
You are engulfed in a cloud of soporific spores!
You fall asleep.
The sleepcap releases spores at you!
You wake up.
You hit the sleepcap.
The sleepcap is moderately damaged.
The sleepcap releases spores at you!
* * * LOW HITPOINT WARNING * * *
Okay, then.
The sleepcap attacks as it pursues you! The sleepcap releases spores at you.
You die...

#.............
##..##.#######
#..##..# .# #..###.#
.. ####..# #.# ..
#.....# #.# #.
####.## #.#
.###..#######.####<#
.....g.f@†.........#
####.^#####)########
.... #.# #### #.#
#.# #.# #.# #.#


You could see a sleepcap and a hobgoblin.

Vanquished Creatures
  A worm (D:2)
  A dart slug (D:1)
  2 endoplasms (D:2)
  A giant cockroach (D:1)
  3 goblins (D:2)
  A hobgoblin (D:2)
  3 jackals (D:1)
  5 kobolds
  A quokka (D:1)
  3 bats (D:2)
  3 frilled lizards
  2 rats
26 creatures vanquished.

Notes
Turn   | Place    | Note
-------+----------+-------------------------------------------
     0 | D:1      | DApurpleWHUMPUS the Human Conjurer began the quest for the
                  | Orb.
     0 | D:1      | Reached XP level 1. HP: 13/13 MP: 3/3
   234 | D:1      | Reached XP level 2. HP: 7/19 MP: 0/5
   732 | D:2      | Found a hazy altar of Hepliaklqana.
   843 | D:2      | Reached XP level 3. HP: 12/24 MP: 5/7
  1437 | D:3      | Slain by a sleepcap

Illustrated notes

Levels and vault maps discovered:
D:1:      lightli_arrival_lavapool, layout_basic, minmay_misc_feat_pillars
D:2:      layout_basic, basic_altar, minmay_split_cup_large
D:3:      layout_loops_ring, minmay_overflow_temple_star_quad, serial_shops,
          shop, uniq_robin

Skill      XL: |  1  2  3 |
---------------+----------+-----
Spellcasting   | 3 |  3.0
Dodging        | |  2.0
Stealth        | |  2.0
Conjurations   | |  4.3

Action                     || total
---------------------------++-------
  Melee: Dagger            ||    40
   Cast: Magic Dart        ||    22
   Stab: Sleeping          ||     3
 Armour: Robe              ||    27
  Dodge: Dodged            ||    15

Table legend: (Time is in decaauts)
 A = Elapsed time spent in this place.
 B = Non-inter-level travel time spent in this place.
 C = Inter-level travel time spent in this place.
 D = Time resting spent in this place.
 E = Time spent auto-exploring this place.
 F = Levels seen in this place.
 G = Mean time per level.
                   A        B        C        D        E       F      G
               +--------+--------+--------+--------+--------+-----+--------+
         Total |   1435 |   1369 |     66 |    333 |    818 |   3 |  478.3 |
       Dungeon |   1435 |   1369 |     66 |    333 |    818 |   3 |  478.3 |
               +--------+--------+--------+--------+--------+-----+--------+

Top non-repeatable levels by time:
     D:1: 724 daAuts
     D:2: 680 daAuts
     D:3: 30 daAuts
